 Dungeon Crawl Stone Soup version 0.28.0 (webtiles) character file.

Game seed: 10062375034271102182

29 croobank the Charlatan (level 3, 0/29 HPs)
             Began as a Draconian Artificer on Feb 11, 2022.
             Slain by a worm (9 damage)
             ... on level 2 of the Dungeon.
             The game lasted 00:03:26 (1219 turns).

croobank the Charlatan (Draconian Artificer)        Turns: 1219, Time: 00:03:27

Health: 0/29       AC:  7    Str: 16    XL:     3   Next: 1%
Magic:  3/3        EV: 12    Int: 11    God:
Gold:   31         SH:  0    Dex: 11    Spells: 2/2 levels left

rFire   . . .      SeeInvis .   a - +0 club
rCold   . . .      Faith    .   (no shield)
rNeg    . . .      Spirit   .   (armour unavailable)
rPois   .          Reflect  .   l - +1 hat
rElec   .          Harm     .   (no cloak)
rCorr   .          Rampage  .   (no gloves)
Will    .....                   f - +0 pair of boots
Stlth   ++........              (no amulet)
HPRegen 0.09/turn               j - ring of wizardry
MPRegen 0.08/turn               (no ring)

@: no status effects
A: AC +5, unfitting armour, cold-blooded
a: no special abilities


You were on level 2 of the Dungeon.
You visited 1 branch of the dungeon, and saw 2 of its levels.

You collected 55 gold pieces.
You spent 24 gold pieces at shops.

Inventory:

Hand Weapons
 a - a +0 club (weapon)
Missiles
 g - 12 arrows
Armour
 f - a +0 pair of boots (worn)
 l - a +1 hat (worn)
Jewellery
 j - a ring of wizardry (left hand)
Wands
 b - a wand of flame (15) (quivered)
 c - a wand of charming (15)
Potions
 e - a potion of haste {unknown}
 i - 2 potions of might {unknown}
 k - a potion of curing {unknown}
Miscellaneous
 d - a piece from Xom's chessboard (15/15)


   Skills:
 + Level 1.9 Fighting
 + Level 2.4 Dodging
 + Level 1.5 Stealth
 + Level 3.3 Evocations


You had 2 spell levels left.
You didn't know any spells.
Your spell library was empty.

Dungeon Overview and Level Annotations

Branches:
Dungeon (2/15)

Altars:

Shops:
D:1 ?


Innate Abilities, Weirdness & Mutations

Your plain brown scales are hard. (AC +5)
You cannot fit into any form of body armour.
You are cold-blooded and may be slowed by cold attacks.


Message History

The quokka is severely wounded.
The quokka misses you.
You closely miss the quokka.
The quokka is severely wounded.
The quokka barely misses you.
The quokka bites you but does no damage.
You hit the quokka.
You kill the quokka!
You have reached level 3!
Your experience leads to an increase in your attributes!
Increase (S)trength, (I)ntelligence, or (D)exterity?
You feel stronger. x2; Your scales feel tougher.
You see here a quokka corpse.
You hit the worm. You tail-slap the worm.
The worm is lightly wounded.
The worm bites you!
You hit the worm.
The worm is moderately wounded.
The worm bites you but does no damage.
You hit the worm.
The worm is heavily wounded.
The worm bites you!
* * * LOW HITPOINT WARNING * * *
You hit the worm. Your punch misses the worm.
The worm is severely wounded.
You hit the worm.
The worm is almost dead.
The worm completely misses you.
You hit the worm.
The worm is almost dead.
The worm bites you but does no damage.
You barely miss the worm.
The worm is severely wounded.
The worm closely misses you.
You barely miss the worm.
The worm is severely wounded.
You hit the worm.
The worm is almost dead.
The worm bites you!
You die...

####
#.)............
#..#.#........#
#.#.#.#.......#
..#_#........#
# #.#.#.......#
#..#.#........#
#.............#
######w@.†###
####<..#
###...# ##.# #


You could see a worm.

Vanquished Creatures
  An adder (D:2)
  A dart slug (D:1)
  3 bats (D:1)
  An endoplasm (D:1)
  A giant cockroach (D:1)
  A goblin (D:1)
  A hobgoblin (D:1)
  2 jackals (D:1)
  A quokka (D:2)
  2 frilled lizards
  2 kobolds (D:1)
  2 rats (D:1)
18 creatures vanquished.

Notes
Turn   | Place    | Note
-------+----------+-------------------------------------------
     0 | D:1      | croobank the Draconian Artificer began the quest for the
                  | Orb.
     0 | D:1      | Reached XP level 1. HP: 16/16 MP: 1/1
    64 | D:1      | Reached skill level 1 in Stealth
   169 | D:1      | Found Ucynaxie's Magic Scroll Boutique.
   351 | D:1      | Reached XP level 2. HP: 11/23 MP: 2/2
   813 | D:1      | Bought a scroll of identify for 24 gold pieces
  1187 | D:2      | Found a faded altar of an unknown god.
  1210 | D:2      | Reached XP level 3. HP: 23/29 MP: 3/3
  1219 | D:2      | Slain by a worm

Illustrated notes

Levels and vault maps discovered:
D:1:      dpeg_arrival_court, layout_loops_ring, serial_shops,
          nicolae_shop_hallway_stairs
D:2:      layout_rooms, chequers_ecumenical_altar_simple_redux,
          hangedman_abyss_or_decor_stabs

Skill      XL: |  1 |
---------------+----+-----
Stealth        | 1 |  1.5
Fighting       | |  1.9
Dodging        | |  2.4
Evocations     | |  3.3

Action                   || total
-------------------------++-------
Melee: Club              ||    81
       Tailslap          ||    10
  Use: Scroll            ||     1
 Stab: Sleeping          ||     2
Armor: Skin              ||    29
Dodge: Dodged            ||    66
